 Dungeon Crawl Stone Soup version 0.31-a0-166-g46f44d267d (webtiles) character file.

Game seed: 17037171804086155913

96 qw the Shooter (level 4, 0/42 HPs)
             Began as a Naga Hunter on June 13, 2023.
             Slain by a goblin
             ... wielding a +0 club
             ... led by Robin
              (2 damage)
             ... on level 3 of the Dungeon.
             The game lasted 00:00:41 (2106 turns).

qw the Shooter (Naga Hunter)                        Turns: 2106, Time: 00:00:41

Health: 0/42       AC:  2    Str: 13    XL:     4   Next: 67%
Magic:  4/4        EV: 14    Int:  9    God:
Gold:   164        SH:  0    Dex: 17    Spells: 3/3 levels left

rFire   + . .        Y - +0 shortbow (heavy)
rCold   . . .        (shield currently unavailable)
rNeg    . . .        c - +0 leather armour
rPois   +            (no helmet)
rElec   .            (no cloak)
rCorr   .            (no gloves)
SInv    +            (no barding)
Will    .....        (no amulet)
Stlth   ++           f - +5 ring of evasion
HPRegen 0.27/turn    d - ring of protection from fire
MPRegen 0.09/turn

%: no passive effects
@: short of breath, very slow
A: AC +1, large, see invisible, deformed body, poison resistance, slowness 2,
spit poison 1, naga tail 1
a: Spit Poison


You were on level 3 of the Dungeon.
You visited 1 branch of the dungeon, and saw 3 of its levels.

You collected 164 gold pieces.


Innate Abilities, Weirdness & Mutations

Your serpentine skin is tough. (AC +1)
You have supernaturally acute eyesight. (SInv)
Armour fits poorly on your strangely shaped body.
Your system is resistant to poisons. (rPois)
You cover ground very slowly.
You can spit poison.
You have a snake-like lower body.


   Skills:
 - Level 3.0 Fighting
 + Level 5.0 Ranged Weapons
 - Level 1.5 Dodging
 - Level 1.5 Stealth


You had 3 spell levels left.
You didn't know any spells.
Your spell library was empty.

Inventory:

Hand Weapons
 Y - a +0 heavy shortbow (weapon)
Armour
 b - the +5 ring mail of Wietycow {Harm rF+ Int+3}
   (You found it on level 3 of the Dungeon)

   Int:       It affects your intelligence (+3).
   rF:        It protects you from fire.
   Harm:      It increases damage dealt and taken.
 c - a +0 leather armour (worn)
Jewellery
 d - a ring of protection from fire (right hand)
 f - a +5 ring of evasion (left hand)
 h - a ring of fire
Scrolls
 a - 4 scrolls of identify {unknown}
Potions
 e - a potion of heal wounds {unknown}
 g - a potion of invisibility {unknown}
 i - a potion of might {unknown}

Dungeon Overview and Level Annotations

Branches:
Dungeon (3/15)

Altars:
Ashenzari
Dithmenos
Hepliaklqana

Shops:
D:3 =

Annotations:
D:3 Robin


Message History

Robin roars a battlecry!
The goblins go into a battle-frenzy!
The goblin completely misses you. The hobgoblin hits you.
The goblin hits you with a +0 dagger. The goblin closely misses you.
You shoot an arrow. The arrow hits the goblin!
You kill the goblin!
The hobgoblin hits you. The goblin closely misses you.
The goblin barely misses you. The goblin hits you with a +0 club.
The hobgoblin misses you. The goblin barely misses you.
The hobgoblin misses you.
You shoot an arrow. The arrow hits the hobgoblin!
You kill the hobgoblin!
The hobgoblin barely misses you. The goblin misses you.
Robin throws the goblin at you! The goblin hits you with a +0 dagger.
The goblin closely misses you. x2; The goblin hits you with a +0 dagger.
The goblin barely misses you. The goblin hits you with a +0 club.
You shoot an arrow. The arrow hits the goblin!
You kill the goblin!
You have got your breath back.
The hobgoblin hits you. The goblin completely misses you.
The goblin misses you. Robin throws the goblin at you!
The goblin hits you with a +0 club. The goblin barely misses you.
The goblin hits you but does no damage. The goblin closely misses you.
The goblin completely misses you. The hobgoblin completely misses you.
The goblin hits you with a +0 dagger. The goblin closely misses you. x2
2105 ||| INVOKING Spit Poison.
Aiming: Spit Poison (1% risk of failure)
Press: ? - help, Shift-Dir - straight line, f - goblin The splash of poison hits the goblin.
You kill the goblin!
The hobgoblin closely misses you. The goblin hits you with a +0 dagger.
The goblin barely misses you. The goblin misses you. Robin barely misses you.
The goblin hits you but does no damage.
Your Fighting skill increases to level 3!
You shoot an arrow. The arrow hits the hobgoblin!
You kill the hobgoblin!
The goblin closely misses you.
Robin says, "We wiped out the hill dwarves - you're next!"
Robin misses you. The goblin misses you. The goblin hits you with a +0 club.
You die...

############
##~~..#...#......#
#~~~..'...'.%..g)#
##~~~..#...#...g@g#
#~~#########..##'g#
#~~#.........)#.g.#
...'..........#...#
...'......%...#...#
...'......))..#...#
.~~#..........#...#
.~~#########..#...#
..~~~..#...#..#


You could see Robin and 4 goblins.

Vanquished Creatures
  2 adders
  A worm (D:3)
  4 orcs
  2 ball pythons (D:2)
  8 bats
  7 endoplasms
  2 giant cockroaches
  13 goblins
  5 hobgoblins
  4 jackals (D:3)
  7 kobolds
  2 quokkas
  2 frilled lizards
  3 rats
  A spectral hobgoblin (D:2)
63 creatures vanquished.

Notes
Turn   | Place    | Note
-------+----------+-------------------------------------------
     0 | D:1      | qw the Naga Hunter began the quest for the Orb.
     0 | D:1      | Reached XP level 1. HP: 19/19 MP: 1/1
     0 | D:1      | 0 ||| qw: Version: 0.2-a-29-gc1b59c4
     0 | D:1      | 0 ||| qw: Game counter: 4814
     0 | D:1      | 0 ||| qw: Always use a shield: true
     0 | D:1      | 0 ||| qw: God list: Okawaru
     0 | D:1      | 0 ||| qw: Allow faded altars: false
     0 | D:1      | 0 ||| qw: Do Orc after D:15 true
     0 | D:1      | 0 ||| qw: Do second Lair branch before Depths: true
     0 | D:1      | 0 ||| qw: Lair rune preference: random
     0 | D:1      | 0 ||| qw: Plans: Normal
     0 | D:1      | 0 ||| PLANNING D:1-11
   104 | D:1      | 104 ||| INVOKING Spit Poison.
   237 | D:1      | 237 ||| INVOKING Spit Poison.
   278 | D:1      | 278 ||| INVOKING Spit Poison.
   283 | D:1      | 283 ||| INVOKING Spit Poison.
   284 | D:1      | 284 ||| INVOKING Spit Poison.
   286 | D:1      | HP: 2/19 [hobgoblin (4)]
   287 | D:1      | 287 ||| INVOKING Spit Poison.
   922 | D:1      | 922 ||| UPGRADING to +5 ring of evasion.
   923 | D:1      | 923 ||| READING scroll labelled LASOING BEWKOFAT.
   924 | D:1      | 924 ||| READING 2 scrolls labelled PODOYW UHEJ.
   925 | D:1      | 925 ||| DROPPING scroll of butterflies.
   926 | D:1      | 926 ||| DROPPING scroll of vulnerability.
  1003 | D:2      | 1003 ||| INVOKING Spit Poison.
  1004 | D:2      | Reached skill level 4 in Ranged Weapons
  1004 | D:2      | Reached XP level 2. HP: 26/26 MP: 2/2
  1034 | D:2      | 1034 ||| INVOKING Spit Poison.
  1038 | D:2      | 1038 ||| INVOKING Spit Poison.
  1079 | D:2      | 1079 ||| INVOKING Spit Poison.
  1084 | D:2      | 1084 ||| INVOKING Spit Poison.
  1098 | D:2      | 1098 ||| INVOKING Spit Poison.
  1099 | D:2      | Reached XP level 3. HP: 32/32 MP: 3/3
  1118 | D:2      | 1118 ||| INVOKING Spit Poison.
  1133 | D:2      | 1133 ||| INVOKING Spit Poison.
  1189 | D:2      | 1189 ||| INVOKING Spit Poison.
  1219 | D:2      | 1219 ||| INVOKING Spit Poison.
  1225 | D:2      | 1225 ||| INVOKING Spit Poison.
  1231 | D:2      | 1231 ||| INVOKING Spit Poison.
  1253 | D:2      | 1253 ||| INVOKING Spit Poison.
  1254 | D:2      | 1254 ||| INVOKING Spit Poison.
  1324 | D:2      | Found a faded altar of an unknown god.
  1382 | D:2      | 1382 ||| INVOKING Spit Poison.
  1517 | D:2      | 1517 ||| UPGRADING to ring of protection from fire.
  1518 | D:2      | 1518 ||| READING scroll labelled IJOMEZX ILAFE.
  1619 | D:2      | 1619 ||| READING scroll labelled FUMUISA GUNOLA.
  1623 | D:2      | 1623 ||| READING scroll labelled YTOD KIMEYTICO.
  1653 | D:3      | 1653 ||| INVOKING Spit Poison.
  1669 | D:3      | Identified the +5 ring mail of Wietycow {Harm rF+ Int+3}
  1703 | D:3      | 1703 ||| INVOKING Spit Poison.
  1715 | D:3      | 1715 ||| INVOKING Spit Poison.
  1720 | D:3      | 1720 ||| INVOKING Spit Poison.
  1721 | D:3      | Reached skill level 5 in Ranged Weapons
  1740 | D:3      | 1740 ||| INVOKING Spit Poison.
  1741 | D:3      | Reached XP level 4. HP: 39/39 MP: 4/4
  1741 | D:3      | Found Feotow's Jewellery Boutique.
  1750 | D:3      | 1750 ||| SHOPLISTING +4 ring of protection (468 gold, have
                  | 127).
  1750 | D:3      | 1750 ||| SHOPLISTING +4 ring of slaying (1014 gold, have
                  | 127).
  1750 | D:3      | 1750 ||| SHOPLISTING ring of fire (325 gold, have 127).
  1750 | D:3      | 1750 ||| SHOPLISTING ring of protection from cold (325
                  | gold, have 127).
  1750 | D:3      | 1750 ||| SHOPLISTING ring of protection from fire (325
                  | gold, have 127).
  1750 | D:3      | 1750 ||| SHOPLISTING ring of willpower (325 gold, have
                  | 127).
  1795 | D:3      | 1795 ||| INVOKING Spit Poison.
  1798 | D:3      | 1798 ||| INVOKING Spit Poison.
  1897 | D:3      | Found a broken altar of Ashenzari.
  1898 | D:3      | 1898 ||| INVOKING Spit Poison.
  1903 | D:3      | 1903 ||| INVOKING Spit Poison.
  1923 | D:3      | 1923 ||| INVOKING Spit Poison.
  1978 | D:3      | Found a hazy altar of Hepliaklqana.
  1981 | D:3      | Found a shadowy altar of Dithmenos.
  1981 | D:3      | Noticed a shadow
  1997 | D:3      | 1997 ||| INVOKING Spit Poison.
  2020 | D:3      | 2020 ||| INVOKING Spit Poison.
  2024 | D:3      | 2024 ||| INVOKING Spit Poison.
  2036 | D:3      | 2036 ||| INVOKING Spit Poison.
  2047 | D:3      | 2047 ||| INVOKING Spit Poison.
  2097 | D:3      | 2097 ||| INVOKING Spit Poison.
  2098 | D:3      | Noticed Robin
  2101 | D:3      | 2101 ||| INVOKING Spit Poison.
  2104 | D:3      | HP: 10/40 [hobgoblin[Robin] (2)]
  2104 | D:3      | HP: 3/40 [goblin/+0 dagger[Robin] (2)]
  2105 | D:3      | 2105 ||| INVOKING Spit Poison.
  2105 | D:3      | HP: 1/40 [goblin/+0 dagger[Robin] (2)]
  2106 | D:3      | Reached skill level 3 in Fighting
  2106 | D:3      | Slain by a goblin

Levels and vault maps discovered:
D:1:      dpeg_arrival_arbitrary_a, layout_loops_corners, serial_glass,
          glass_columns_a, glass_columns_b, minmay_strange_pillars
D:2:      layout_basic, dreamdust_ecumenical_altar_drowned_temple
D:3:      kennysheep_goblin_castle, layout_loops_ring,
          riverfiend_overflow_shadow_ancestor, overflow_temple_1_default,
          serial_shops, nicolae_shop_advertising_works
          [nicolae_subvault_shop_adworks]

Skill      XL: |  1  2  3  4 |
---------------+-------------+-----
Ranged Weapons | 4 5 |  5.0
Fighting       | 3 |  3.0
Dodging        | |  1.5
Stealth        | |  1.5

Action                     |  1- 3 |  4- 6 || total
---------------------------+-------+-------++-------
   Fire: Shortbow          |    71 |    30 ||   101
Ability: Spit Poison       |    24 |    13 ||    37
    Use: Scroll            |     5 |       ||     5
 Armour: Leather armour    |     3 |     7 ||    10
  Dodge: Dodged            |    20 |    39 ||    59

Table legend:
 A = Non-vault XP
 B = Vault XP
 C = Vault XP percentage of total XP
 D = Non-vault monster count
 E = Vault monster count
 F = Vault count percentage of total count
                 A         B        C        D         E       F
            +---------+---------+-------+---------+---------+-------
      Total |     109 |      31 |  22.1 |      46 |      17 |  27.0
            +---------+---------+-------+---------+---------+-------
        D:1 |       9 |       0 |   0.0 |       5 |       0 |   0.0
        D:2 |      56 |       1 |   1.8 |      24 |       1 |   4.0
        D:3 |      44 |      30 |  40.5 |      17 |      16 |  48.5
            +---------+---------+-------+---------+---------+-------
